cohdb
Replays
Latest Replays
All Replays
Popular Replays
Top Player Replays
Match Explorer
How It Works
Community
CoH3 Stats
Reddit
Sign in to upload your games and track your stats! →
Sign in with Steam
Match 44327968
Unlisted
Match 44327968
Overview
Messages
Build Orders
End
Construct Barracks
Riflemen Squad
Riflemen Squad
1⁄4-ton 4x4 Truck
Riflemen Squad
Infantry Support Center
Construct Weapon Support Center
M3 Armored Personnel Carrier
Construct Medical Station
Engineer Squad
Selects Special Operations Battlegroup
Selects Raiding Flares
Selects SSF Commando Squad
SSF Commando Squad
Bazooka Squad
M3 Armored Personnel Carrier
Grenade Package
Construct Tank Depot
Afta
Willaguy
0
0
Comments
sign in to comment!
No comments posted yet!